 Adventure DCSS version bcrawl-1.18.1 (webtiles) character file.

Game seed: 12883193174360967090

4 polve the Skirmisher (level 1, -1/14 HPs)
             Began as a Gargoyle Fighter on Nov 2, 2019.
             Killed from afar by Sigmund (6 damage)
             ... with a magic dart
             ... on level 2 of the Dungeon.
             The game lasted 00:01:13 (1439 turns).

polve the Skirmisher (Gargoyle Fighter)             Turns: 1439, Time: 00:01:13

Health: -1/14      AC:  9    Str: 19    XL:     1   Next: 60%
Magic:  1/1        EV:  7    Int:  8    God:
Gold:   76         SH:  9    Dex: 10    Spells: 0/0 levels left
                                        Lives:  0   Deaths: 2

rFire    . . .     SeeInvis .   a - +0 flail
rCold    . . .     Gourm    .   c - +0 shield
rNeg     + . .     Faith    .   b - +0 scale mail
rPois    ∞         Spirit   .   (no helmet)
rElec    +         Reflect  .   (no cloak)
rCorr    .         Harm     .   (no gloves)
MR       .....                  (no boots)
Stlth    ..........             (no amulet)
HPRegen  0.04/turn              (no ring)
MPRegen  0.07/turn              (no ring)

@: no status effects
A: negative energy resistance 1, electricity resistance, unbreathing,
petrification resistance, rot immunity, AC +2
a: no special abilities


You were on level 2 of the Dungeon.
You were not hungry.

You visited 1 branch of the dungeon, and saw 2 of its levels.

You collected 76 gold pieces.

Inventory:

Hand Weapons
 a - a +0 flail (weapon)
Armour
 b - a +0 scale mail (worn)
 c - a +0 shield (worn)
 n - a cursed +0 pair of boots
 p - a scarf of cloud immunity
Jewellery
 g - a +6 ring of strength {unknown}
Scrolls
 e - a scroll of teleportation {unknown}
 j - 2 scrolls of identify {unknown}
 k - 2 scrolls of magic mapping {unknown}
 o - a scroll of enchant armour {unknown}
Potions
 d - a potion of might
 h - 2 potions of heal wounds {unknown}
 i - a potion of degeneration {unknown}
 l - a potion of flight {unknown}
Comestibles
 f - 2 rations {!d}


   Skills:
 + Level 3.6 Fighting
 * Level 2.7 Maces & Flails
 + Level 3.6 Armour
 + Level 3.6 Shields


You couldn't memorise any spells.
You didn't know any spells.
Your spell library was empty.

Dungeon Overview and Level Annotations

Branches:
Dungeon (2/12)

Altars:
Uskayaw

Annotations:
D:2 1 runed door, Sigmund


Innate Abilities, Weirdness & Mutations

You are resistant to torment.
Your stone body is resilient. (AC +2)
You are immune to poison.
You resist negative energy. (rN+)
You are resistant to electric shocks. (rElec)
You can survive without breathing.
You are immune to petrification.
You are immune to rotting.


Message History

The hobgoblin hits you but does no damage.
You block the hobgoblin's attack.
The hobgoblin hits you but does no damage.
Sigmund hits you but does no damage. The hobgoblin hits you with a +0 club.
* * * LOW HITPOINT WARNING * * *
You block Sigmund's attack.
The hobgoblin hits you but does no damage.
You block Sigmund's attack. The hobgoblin barely misses you.
You block the hobgoblin's attack.
Sigmund begins to cast a cantrip, but forgets the words!
You block the hobgoblin's attack.
Sigmund hits you from afar with a +0 scythe.
* * * LOW HITPOINT WARNING * * *
You block the hobgoblin's attack. Sigmund hits you but does no damage.
The hobgoblin barely misses you. Sigmund gestures at you while chanting.
The magic dart hits you!
You die...

.# .# .## ##+# ..##
...# ...#####...###
....##.......#
...÷.........#####
....##........@..#
...###.#......##@####.#
..## #.#....#.bg......#
.## #.#......##.######
# #.#.....# #.#
#.#.#.### #.# #.#.#.#
#.# #.#.#.#####.#
#...........#
#####.#################


You could see Sigmund, a hobgoblin and a bat.

Vanquished Creatures
  A howler monkey skeleton (D:2)
  An ooze (D:1)
  A dart slug (D:1)
  An orc (D:2)
  2 goblins
  A hobgoblin (D:2)
  2 jackals (D:2)
  A quokka (D:2)
  4 bats (D:1)
  2 frilled lizards
  2 rats (D:2)
18 creatures vanquished.

Notes
Turn   | Place    | Note
-------+----------+-------------------------------------------
     0 | D:1      | polve the Gargoyle Fighter began the quest for the Orb.
     0 | D:1      | Reached XP level 1. HP: 14/14 MP: 1/1
   335 | D:1      | Reached XP level 2. HP: 19/19 MP: 2/2
   539 | D:2      | Found a runed door.
   741 | D:2      | Found a hide-covered altar of Uskayaw.
   870 | D:2      | Reached XP level 3. HP: 23/23 MP: 3/3
   884 | D:2      | Noticed Sigmund
   899 | D:2      | Killed from afar by Sigmund
   900 | D:2      | Reached XP level 2. HP: -1/19 MP: 2/2
  1271 | D:2      | Slain by a hobgoblin
  1272 | D:2      | Reached XP level 1. HP: 0/14 MP: 1/1
  1439 | D:2      | Killed from afar by Sigmund

Action                   || total
-------------------------++-------
Melee: Flail             ||    97
Armor: Scale mail        ||   150
Dodge: Dodged            ||    99
Block: Shield            ||   143
